BSA
SAN FRANCISCO BANDITS @ NEW YORK KNIGHTS
07/29/2030
 
TOP OF THE 1ST
San Francisco Bandits batting - Pitching for New York Knights : LHP Steven England
Pitching: LHP Steven England
Batting: RHB Scott Merritt 0-0: Ground out 5-3 (Groundball, 5)
Batting: RHB Peter Bishop 0-0: Ball
1-0: SINGLE (Groundball, 56S) (infield hit)
Batting: LHB Chris Austin 0-0: Ball
1-0: Fly out, F8 (Flyball, 8LM)
Batting: RHB Owen Carter 0-0: Ground out 4-3 (Groundball, 4)
Top of the 1st over - 0 runs, 1 hit, 0 errors, 1 left on base; San Francisco 0 - New York 0
BOTTOM OF THE 1ST
New York Knights batting - Pitching for San Francisco Bandits : RHP David Bishop
Pitching: RHP David Bishop
Batting: LHB Bob Campbell 0-0: Called Strike
0-1: Swinging Strike
0-2: Ground out 6-3 (Groundball, 6)
Batting: RHB Alberto Hernández 0-0: Swinging Strike
0-1: Swinging Strike
0-2: Ball
1-2: Ball
2-2: Ground out 3-1 (Groundball, 34)
Batting: LHB Willie Wallace 0-0: Ball
1-0: Called Strike
1-1: Foul Ball, location: 2F
1-2: Ball
2-2: Strikes out swinging
Bottom of the 1st over - 0 runs, 0 hits, 0 errors, 0 left on base; San Francisco 0 - New York 0
TOP OF THE 2ND
San Francisco Bandits batting - Pitching for New York Knights : LHP Steven England
Batting: LHB Mario García 0-0: Ball
1-0: Foul Ball, location: 2F
1-1: Foul Ball, location: 2F
1-2: Foul Ball, location: 2F
1-2: Foul Ball, location: 2F
1-2: Ball
2-2: Fly out, F8 (Flyball, 8LM)
Batting: RHB Michael Elliott 0-0: Swinging Strike
0-1: SINGLE (Groundball, 6MD)
Batting: RHB Javier Ramírez 0-0: Ball
1-0: 2-RUN HOME RUN (Line Drive, 7LD), Distance : 350 ft
Batting: SHB Terry Dailey 0-0: Ball
1-0: Called Strike
1-1: Called Strike
1-2: Ball
2-2: Ball
3-2: Ground out 6-3 (Groundball, 6M)
Batting: RHB Lorenzo Mota 0-0: Ball
1-0: Ground out 6-3 (Groundball, 6)
Top of the 2nd over - 2 runs, 2 hits, 0 errors, 0 left on base; San Francisco 2 - New York 0
BOTTOM OF THE 2ND
New York Knights batting - Pitching for San Francisco Bandits : RHP David Bishop
Batting: SHB Mark Wells 0-0: Swinging Strike
0-1: Foul Ball, location: 2F
0-2: Ground out 4-3 (Groundball, 4)
Batting: RHB Vic Langlois 0-0: Called Strike
0-1: SINGLE (Groundball, 56D)
Batting: RHB Jackson Gibson 0-0: Swinging Strike
0-1: Called Strike
0-2: Foul Ball, location: 2F
0-2: Ball
1-2: Strikes out swinging
Batting: RHB Yasuhiko Sumita 0-0: Called Strike
0-1: Ball
1-1: Foul Ball, location: 2F
1-2: Strikes out swinging
Bottom of the 2nd over - 0 runs, 1 hit, 0 errors, 1 left on base; San Francisco 2 - New York 0
TOP OF THE 3RD
San Francisco Bandits batting - Pitching for New York Knights : LHP Steven England
Batting: RHB Scott Merritt 0-0: Ball
1-0: Fly out, F7 (Flyball, 7S)
Batting: RHB Peter Bishop 0-0: Ground out 4-3 (Groundball, 4)
Batting: LHB Chris Austin 0-0: Swinging Strike
0-1: Ball
1-1: SINGLE (Line Drive, 34D)
Batting: RHB Owen Carter 0-0: Called Strike
0-1: Ball
1-1: Ball
2-1: Ball
3-1: Called Strike
3-2: Ground out 4-3 (Groundball, 4)
Top of the 3rd over - 0 runs, 1 hit, 0 errors, 1 left on base; San Francisco 2 - New York 0
BOTTOM OF THE 3RD
New York Knights batting - Pitching for San Francisco Bandits : RHP David Bishop
Batting: RHB Gerald Miller 0-0: Called Strike
0-1: Ball
1-1: Swinging Strike
1-2: Hit by Pitch
Batting: RHB Robert Downing 0-0: Foul Ball, location: 2F
0-1: Ball
1-1: Foul Ball, location: 2F
1-2: Foul Ball, location: 2F
1-2: Grounds into double play, 5-4-3 (Groundball, 56)
Batting: LHB Bob Campbell 0-0: Foul Ball, location: 2F
0-1: Ball
1-1: Called Strike
1-2: Ball
2-2: Ball
3-2: Fly out, F5 (Popup, 5SF)
Bottom of the 3rd over - 0 runs, 0 hits, 0 errors, 0 left on base; San Francisco 2 - New York 0
TOP OF THE 4TH
San Francisco Bandits batting - Pitching for New York Knights : LHP Steven England
Batting: LHB Mario García 0-0: SINGLE (Groundball, 6D)
Batting: RHB Michael Elliott 0-0: Ball
1-0: SINGLE (Line Drive, 9S)
Mario García to second
Batting: RHB Javier Ramírez 0-0: Foul Ball, location: 2F
0-1: 3-RUN HOME RUN (Flyball, 7LD), Distance : 343 ft
Batting: SHB Terry Dailey 0-0: Called Strike
0-1: Ball
1-1: Ball
2-1: Swinging Strike
2-2: Foul Ball, location: 2F
2-2: Strikes out swinging
Batting: RHB Lorenzo Mota 0-0: Foul Ball, location: 2F
0-1: Ball
1-1: Fly out, F6 (Line Drive, 6M)
Batting: RHB Scott Merritt 0-0: Called Strike
0-1: Ball
1-1: Ball
2-1: Foul Ball, location: 2F
2-2: SINGLE (Flyball, 8LS)
Batting: RHB Peter Bishop 0-0: Ball
1-0: Ball
2-0: Foul Ball, location: 2F
2-1: Fly out, F9 (Line Drive, 89S)
Top of the 4th over - 3 runs, 4 hits, 0 errors, 1 left on base; San Francisco 5 - New York 0
BOTTOM OF THE 4TH
New York Knights batting - Pitching for San Francisco Bandits : RHP David Bishop
Batting: RHB Alberto Hernández 0-0: Ball
1-0: Ball
2-0: Called Strike
2-1: Ground out 6-3 (Groundball, 6)
Batting: LHB Willie Wallace 0-0: Ball
1-0: Foul Ball, location: 2F
1-1: Swinging Strike
1-2: Ball
2-2: Ball
3-2: Foul Ball, location: 2F
3-2: Ground out 3-1 (Groundball, 34)
Batting: SHB Mark Wells 0-0: Swinging Strike
0-1: Called Strike
0-2: Foul Ball, location: 2F
0-2: Ball
1-2: SINGLE (Line Drive, 6MD)
Batting: RHB Vic Langlois 0-0: Hit by Pitch
Mark Wells to second
Batting: RHB Jackson Gibson 0-0: Ground out 1-3 (Groundball, 13S)
Bottom of the 4th over - 0 runs, 1 hit, 0 errors, 2 left on base; San Francisco 5 - New York 0
TOP OF THE 5TH
San Francisco Bandits batting - Pitching for New York Knights : LHP Steven England
Batting: LHB Chris Austin 0-0: Swinging Strike
0-1: Foul Ball, location: 2F
0-2: Foul Ball, location: 2F
0-2: Ball
1-2: SINGLE (Flyball, 7S)
Batting: RHB Owen Carter 0-0: Foul Ball, location: 2F
0-1: Ball
1-1: Foul Ball, location: 2F
1-2: Ball
2-2: Ball
3-2: Foul Ball, location: 2F
3-2: Fielders Choice at 2nd, 3-6 (Groundball, 3)
Pitching: RHP Ramiro Piña
Batting: LHB Mario García 0-0: Ball
1-0: Ball
2-0: Ball
3-0: Called Strike
3-1: Foul Ball, location: 2F
3-2: Base on Balls
Owen Carter to second
Batting: RHB Michael Elliott 0-0: Ball
1-0: Swinging Strike
1-1: Ball
2-1: Foul Ball, location: 2F
2-2: Strikes out swinging
Batting: RHB Javier Ramírez 0-0: Ball
1-0: Ball
2-0: Foul Ball, location: 2F
2-1: Ball
3-1: Called Strike
3-2: Base on Balls
Owen Carter to third
Mario García to second
Batting: SHB Terry Dailey 0-0: Called Strike
0-1: Ball
1-1: Foul Ball, location: 2F
1-2: Strikes out swinging
Top of the 5th over - 0 runs, 1 hit, 0 errors, 3 left on base; San Francisco 5 - New York 0
BOTTOM OF THE 5TH
New York Knights batting - Pitching for San Francisco Bandits : RHP David Bishop
Batting: RHB Yasuhiko Sumita 0-0: Foul Ball, location: 2F
0-1: Ground out 5-3 (Groundball, 5S)
Batting: RHB Gerald Miller 0-0: Called Strike
0-1: Foul Ball, location: 2F
0-2: Ball
1-2: Ground out 6-3 (Groundball, 6)
Batting: RHB Robert Downing 0-0: Called Strike
0-1: Foul Ball, location: 2F
0-2: SINGLE (Line Drive, 7S)
Batting: LHB Bob Campbell 0-0: Called Strike
0-1: Called Strike
0-2: Ground out 1-3 (Groundball, 13)
Bottom of the 5th over - 0 runs, 1 hit, 0 errors, 1 left on base; San Francisco 5 - New York 0
TOP OF THE 6TH
San Francisco Bandits batting - Pitching for New York Knights : RHP Ramiro Piña
Batting: RHB Lorenzo Mota 0-0: Called Strike
0-1: Ball
1-1: Ball
2-1: Foul Ball, location: 2F
2-2: Fly out, F6 (Line Drive, 6M)
Batting: RHB Scott Merritt 0-0: Ball
1-0: Ball
2-0: Called Strike
2-1: Ball
3-1: Base on Balls
Batting: RHB Peter Bishop 0-0: Called Strike
0-1: Ball
1-1: Ball
2-1: Foul Ball, location: 2F
2-2: Foul Ball, location: 2F
2-2: SINGLE (Groundball, 6MD)
Scott Merritt to second
Batting: LHB Chris Austin 0-0: Reached on error, E7 (Flyball, 7)
Scott Merritt to third
Peter Bishop to second
Batting: RHB Owen Carter 0-0: Foul Ball, location: 2F
0-1: Foul Ball, location: 2F
0-2: Grounds into fielders choice 6-2 (Groundball, 6S)
Peter Bishop to third
Chris Austin to second
Batting: LHB Mario García 0-0: Ball
1-0: Foul Ball, location: 2F
1-1: Ball
2-1: Ball
3-1: Foul Ball, location: 2F
3-2: Base on Balls
Peter Bishop scores
Chris Austin to third
Owen Carter to second
Batting: RHB Michael Elliott 0-0: Foul Ball, location: 2F
0-1: Ball
1-1: Ball
2-1: Called Strike
2-2: SINGLE (Groundball, 6D)
Chris Austin scores
Owen Carter to third
Mario García to second
Runner from 3rd tries for Home, SAFE, no throw
Batting: RHB Javier Ramírez 0-0: Ball
1-0: Ball
2-0: Foul Ball, location: 2F
2-1: Ball
3-1: Base on Balls
Mario García to third
Michael Elliott to second
Batting: SHB Terry Dailey 0-0: Swinging Strike
0-1: Ball
1-1: Foul Ball, location: 2F
1-2: Ball
2-2: Ball
3-2: Strikes out swinging
Top of the 6th over - 3 runs, 2 hits, 1 error, 3 left on base; San Francisco 8 - New York 0
BOTTOM OF THE 6TH
New York Knights batting - Pitching for San Francisco Bandits : RHP David Bishop
Batting: RHB Alberto Hernández 0-0: Called Strike
0-1: Fly out, F9 (Flyball, 9D)
Batting: LHB Willie Wallace 0-0: Swinging Strike
0-1: Swinging Strike
0-2: Ball
1-2: Ball
2-2: Fly out, F9 (Flyball, 9LSF)
Batting: SHB Mark Wells 0-0: Fly out, F7 (Flyball, 78M)
Bottom of the 6th over - 0 runs, 0 hits, 0 errors, 0 left on base; San Francisco 8 - New York 0
TOP OF THE 7TH
San Francisco Bandits batting - Pitching for New York Knights : RHP Ramiro Piña
Batting: RHB Lorenzo Mota 0-0: Called Strike
0-1: Ball
1-1: Ball
2-1: Ball
3-1: Called Strike
3-2: SINGLE (Line Drive, 4MD)
Pitching: LHP Henny van der Lack
Batting: RHB Scott Merritt 0-0: Foul Ball, location: 2F
0-1: Swinging Strike
0-2: Ball
1-2: Foul Ball, location: 2F
1-2: Ball
2-2: Fielders Choice at 2nd, 6-4 (Groundball, 6MD)
Batting: RHB Peter Bishop 0-0: Ball
1-0: Called Strike
1-1: Ground out 5-3 (Groundball, 56S)
Scott Merritt to second
Batting: LHB Chris Austin 0-0: Swinging Strike
0-1: Swinging Strike
0-2: Ball
1-2: Foul Ball, location: 2F
1-2: Strikes out swinging
Top of the 7th over - 0 runs, 1 hit, 0 errors, 1 left on base; San Francisco 8 - New York 0
BOTTOM OF THE 7TH
New York Knights batting - Pitching for San Francisco Bandits : RHP David Bishop
Batting: RHB Vic Langlois 0-0: Fly out, F7 (Flyball, 7LM)
Batting: RHB Jackson Gibson 0-0: Ground out 5-3 (Groundball, 5)
Batting: RHB Yasuhiko Sumita 0-0: Called Strike
0-1: Ball
1-1: Called Strike
1-2: Ball
2-2: Foul Ball, location: 2F
2-2: Ground out 5-3 (Groundball, 56)
Bottom of the 7th over - 0 runs, 0 hits, 0 errors, 0 left on base; San Francisco 8 - New York 0
TOP OF THE 8TH
San Francisco Bandits batting - Pitching for New York Knights : LHP Henny van der Lack
Batting: RHB Owen Carter 0-0: Ball
1-0: Ball
2-0: Ball
3-0: Base on Balls
Batting: LHB Mario García 0-0: Called Strike
0-1: Ball
1-1: Ball
Wild Pitch!
Owen Carter to second
2-1: Swinging Strike
2-2: Foul Ball, location: 2F
2-2: Strikes out looking
Batting: RHB Michael Elliott 0-0: Ball
1-0: Swinging Strike
1-1: Foul Ball, location: 2F
1-2: 2-RUN HOME RUN (Flyball, 7LD), Distance : 336 ft
Batting: RHB Javier Ramírez 0-0: SINGLE (Groundball, 4MD)
Batting: SHB Terry Dailey 0-0: Ball
1-0: Ball
2-0: Ball
3-0: Base on Balls
Javier Ramírez to second
Batting: RHB Lorenzo Mota 0-0: Ball
1-0: Grounds into double play, 6-4-3 (Groundball, 6M)
Top of the 8th over - 2 runs, 2 hits, 0 errors, 1 left on base; San Francisco 10 - New York 0
BOTTOM OF THE 8TH
New York Knights batting - Pitching for San Francisco Bandits : RHP David Bishop
Batting: RHB Gerald Miller 0-0: Called Strike
0-1: Ball
1-1: Ground out 3-1 (Groundball, 34S)
Batting: RHB Robert Downing 0-0: Ball
1-0: Foul Ball, location: 2F
1-1: Swinging Strike
1-2: Ball
2-2: Ball
3-2: SINGLE (Groundball, 56D)
Batting: LHB Bob Campbell 0-0: Fielders Choice at 2nd, 4-6 (Groundball, 4)
Batting: RHB Alberto Hernández 0-0: Ball
1-0: Called Strike
1-1: SINGLE (Line Drive, 6MD)
Bob Campbell to second
Runner from 2nd tries for 3rd, SAFE, no throw
Batting: LHB Willie Wallace 0-0: Swinging Strike
0-1: Fielders Choice at 2nd, 5-4 (Groundball, 5L)
Bottom of the 8th over - 0 runs, 2 hits, 0 errors, 2 left on base; San Francisco 10 - New York 0
TOP OF THE 9TH
San Francisco Bandits batting - Pitching for New York Knights : LHP Henny van der Lack
Batting: RHB Scott Merritt 0-0: Called Strike
0-1: Ball
1-1: Ball
2-1: Ball
3-1: Reached on error, E3 (Groundball, 3)
Batting: RHB Peter Bishop 0-0: Ball
1-0: Called Strike
1-1: Fly out, F7 (Flyball, 78M)
Batting: LHB Chris Austin 0-0: Foul Ball, location: 2F
0-1: Ball
1-1: SINGLE (Groundball, 6MD)
Scott Merritt to second
Batting: RHB Owen Carter 0-0: Swinging Strike
0-1: Foul Ball, location: 2F
0-2: Ball
1-2: Strikes out swinging
Batting: LHB Mario García 0-0: Swinging Strike
0-1: Called Strike
0-2: Ball
1-2: Foul Ball, location: 2F
1-2: Ball
2-2: Ball
3-2: Base on Balls
Scott Merritt to third
Chris Austin to second
Batting: RHB Michael Elliott 0-0: Ball
1-0: Ball
2-0: Ball
3-0: Base on Balls
Scott Merritt scores
Chris Austin to third
Mario García to second
Batting: RHB Javier Ramírez 0-0: Ground out 6-3 (Groundball, 6S)
Top of the 9th over - 1 run, 1 hit, 1 error, 3 left on base; San Francisco 11 - New York 0
BOTTOM OF THE 9TH
New York Knights batting - Pitching for San Francisco Bandits : RHP David Bishop
Batting: SHB Mark Wells 0-0: Called Strike
0-1: Ball
1-1: Swinging Strike
1-2: Ball
2-2: Fly out, F8 (Flyball, 8RXD)
Batting: RHB Vic Langlois 0-0: Ball
1-0: Called Strike
1-1: Called Strike
1-2: Ball
2-2: Ball
3-2: DOUBLE (Groundball, 5L)
Batting: RHB Jackson Gibson 0-0: Foul Ball, location: 2F
0-1: Ball
1-1: Foul Ball, location: 2F
1-2: Ground out 1-3 (Groundball, P)
Vic Langlois to third
Batting: RHB Yasuhiko Sumita 0-0: Swinging Strike
0-1: Foul Ball, location: 2F
0-2: Ground out 4-3 (Groundball, 4)
Bottom of the 9th over - 0 runs, 1 hit, 0 errors, 1 left on base; San Francisco 11 - New York 0
Saturday, April 7th, 2018 - OOTP Baseball 18.8 Build 76